 Dungeon Crawl Stone Soup version 0.27.1-1-g398f81649c (webtiles) character file.

Game seed: 10248368445761796017

662482 MeltyBlood the Ecstatic (level 27, -18/283 HPs)
             Began as a Demonspawn Necromancer on Sept 6, 2021.
             Was a Believer of Uskayaw.
             Demolished by Mennas (33 damage)
             ... on level 1 of the Crypt.
             The game lasted 03:12:39 (97357 turns).

MeltyBlood the Ecstatic (Demonspawn Necromancer)   Turns: 97357, Time: 03:12:39

Health: -18/283    AC: 37    Str: 19    XL:     27
Magic:  18/39      EV: 18    Int: 23    God:    Uskayaw [**....]
Gold:   6321       SH: 21    Dex: 17    Spells: 9/50 levels left

rFire    + . .     SeeInvis .   F - +9 quick blade (flame)
rCold    + + .     Faith    .   x - +2 kite shield
rNeg     + . .     Spirit   .   D - +6 swamp dragon scales
rPois    +         Reflect  +   m - +2 helmet
rElec    +         Harm     .   M - +4 dragonskin cloak
rCorr    +         Rampage  .   E - +2 pair of gloves {Dex+3}
Will     +....                  (boots unavailable)
Stlth    ++........             v - amulet "Heuvorph" {Reflect rC+ Will+ Int+4 SH+5}
HPRegen  0.57/turn              i - +4 ring of protection
MPRegen  0.26/turn              e - ring of wizardry

@: mighty, weak-willed, glowing, studying Slings, silenced
A: hooves 3, thin metallic scales 3, robust 3, spiny 3, demonic magic 3
}: 3/15 runes: decaying, serpentine, silver
a: Renounce Religion


You were on level 1 of the Crypt.
You worshipped Uskayaw.
Uskayaw was extremely pleased with you.
You visited 12 branches of the dungeon, and saw 52 of its levels.

You collected 10190 gold pieces.
You spent 3869 gold pieces at shops.

Inventory:

Hand Weapons
 a - a +0 club
 w - the +8 quick blade of Racuontu {vamp, Dex+2}
   (You acquired it on level 3 of the Snake Pit)

   It occasionally heals its wielder for a portion of the damage dealt when it
   wounds a living foe.
   Dex:       It affects your dexterity (+2).
 F - a +9 quick blade of flaming (weapon)
 J - the +12 shortbow of the Reaper {freeze, rPois}
   (You found it on level 3 of the Depths)

   Any ammunition fired from it freezes those it strikes, dealing additional
   cold damage.
   It can also slow down cold-blooded creatures.
   rPois:     It protects you from poison.
Armour
 m - a +2 helmet (worn)
 x - a +2 kite shield (worn)
 D - +6 swamp dragon scales (worn)
 E - a +2 pair of gloves of dexterity (worn)
 M - the +4 dragonskin cloak (worn)
   (You took it off Tiamat on level 2 of the Realm of Zot)

   It grants the wearer a chance to resist fire, cold, poison, electricity,
   acid, and negative energy.
Jewellery
 c - a ring of flight
 e - a ring of wizardry (right hand)
 g - a ring of fire
 i - a +4 ring of protection (left hand)
 n - the ring "Huskaapn" {rPois rC+ Int+3}
   (You found it on level 2 of the Elven Halls)

   [ring of protection from cold]

   Int:       It affects your intelligence (+3).
   rC:        It protects you from cold.
   rPois:     It protects you from poison.
 t - a ring of protection from cold
 v - the amulet "Heuvorph" (around neck) {Reflect rC+ Will+ Int+4 SH+5}
   (You bought it in a shop on level 3 of the Snake Pit)

   [amulet of reflection]

   It reflects blocked missile attacks.
   Int:       It affects your intelligence (+4).
   rC:        It protects you from cold.
   SH:        It affects your SH (+5).
   Will:      It increases your willpower.
 C - a ring of see invisible
 Q - a ring of positive energy
 S - a ring of wizardry
 Z - a ring of resist corrosion
Wands
 d - a wand of polymorph (48)
 k - a wand of paralysis (34)
 G - a wand of digging (32)
 L - a wand of charming (20)
 R - a wand of acid (14)
 V - a wand of iceblast (45)
 X - a wand of mindburst (98)
Scrolls
 b - 6 scrolls of teleportation
 h - 2 scrolls of fear
 j - 6 scrolls of fog
 r - 5 scrolls of amnesia
 y - 8 scrolls of blinking
 I - 7 scrolls of vulnerability
 K - 2 scrolls of summoning
 P - 4 scrolls of enchant weapon
 T - 24 scrolls of identify
 U - 11 scrolls of magic mapping
 W - 2 scrolls of torment
 Y - 6 scrolls of immolation
Potions
 f - 4 potions of ambrosia
 l - a potion of haste
 o - 11 potions of attraction
 p - 7 potions of brilliance
 q - 2 potions of resistance
 s - 15 potions of flight
 u - a potion of berserk rage
 z - 2 potions of might
 A - 20 potions of curing
 B - a potion of magic
 H - 5 potions of lignification
 N - a potion of cancellation {unknown}
 O - 3 potions of heal wounds


   Skills:
 - Level 18.2 Fighting
 + Level 17.5 Short Blades
 - Level 11.4 Armour
 - Level 12.2 Dodging
 - Level 11.2 Stealth
 - Level 15.0 Shields
 + Level 12.1 Spellcasting
 + Level 21.6 Conjurations
 - Level 5.9 Necromancy
 - Level 12.8 Translocations
 + Level 15.4 Air Magic
 + Level 25.5 Invocations


You had 9 spell levels left.
You knew the following spells:

 Your Spells              Type           Power      Damage    Failure   Level
a - Pain                  Necr           100%       1d9       1%          1
b - Vampiric Draining     Necr           20%        2d8       1%          3
c - Animate Dead          Necr           20%        N/A       2%          4
d - Agony                 Necr           41%        N/A       6%          5
e - Lightning Bolt        Conj/Air       39%        1d57      1%          5
f - Orb of Destruction    Conj           42%        9d14      1%          7
g - Starburst             Conj/Fire      29%        6d9       4%          6
h - Passage of Golubria   Tloc           N/A        N/A       1%          4
i - Dispersal             Tloc           32%        N/A       2%          6

Your spell library contained the following spells:

 Spells                   Type           Power      Damage    Failure   Level
 Magic Dart               Conj           100%       1d8       0%          1
 Shock                    Conj/Air       100%       1d9       0%          1
 Searing Ray              Conj           100%       3d7       0%          2
 Static Discharge         Conj/Air       78%        N/A       0%          2
 Animate Skeleton         Necr           82%        N/A       1%          1
 Apportation              Tloc           100%       N/A       1%          1
 Foxfire                  Conj/Fire      100%       2x1d9     1%          1
 Blink                    Tloc           N/A        N/A       1%          2
 Corpse Rot               Necr/Air       N/A        N/A       1%          2
 Poisonous Vapours        Pois/Air       98%        N/A       1%          2
 Conjure Flame            Conj/Fire      59%        6-21      1%          3
 Dazzling Flash           Conj/Hex       100%       N/A       1%          3
 Gell's Gravitas          Tloc           32%        N/A       1%          3
 Lesser Beckoning         Tloc           32%        N/A       1%          3
 Stone Arrow              Conj/Erth      100%       3d13      1%          3
 Swiftness                Air            71%        N/A       1%          3
 Teleport Other           Tloc           64%        N/A       1%          3
 Airstrike                Air            35%        N/A       1%          4
 Fulminant Prism          Conj/Hex       29%        3d14      1%          4
 Iskenderun's Mystic Bla  Conj/Tloc      75%        2d15      1%          4
 Sticky Flame             Conj/Fire      59%        2d7       1%          4
 Summon Lightning Spire   Summ/Air       49%        N/A       1%          4
 Fireball                 Conj/Fire      29%        3d13      1%          5
 Freezing Cloud           Conj/Ice/Air   31%        6-21      1%          5
 Irradiate                Conj/Tmut      29%        3d23      1%          5
 Iskenderun's Battlesphe  Conj           85%        2d13      1%          5
 Manifold Assault         Tloc           64%        N/A       1%          5
 Conjure Ball Lightning   Conj/Air       39%        3x3d13    1%          6
 Corona                   Hex            14%        N/A       2%          1
 Freeze                   Ice            52%        1d7       2%          1
 Sandblast                Erth           26%        2d8       2%          1
 Summon Small Mammal      Summ           52%        N/A       2%          1
 Dispel Undead            Necr           41%        3d16      2%          4
 Call Imp                 Summ           13%        N/A       4%          2
 Ensorcelled Hibernation  Hex/Ice        26%        N/A       4%          2
 Slow                     Hex            13%        N/A       4%          2
 Bolt of Magma            Conj/Fire/Erth 23%        4d11      4%          5
 Excruciating Wounds      Necr           20%        N/A       6%          5
 Call Canine Familiar     Summ           13%        N/A       9%          3
 Confusing Touch          Hex            13%        N/A       9%          3
 Frozen Ramparts          Ice            26%        1d4       9%          3
 Ignite Poison            Fire/Tmut/Pois 13%        N/A       9%          3
 Inner Flame              Hex/Fire       13%        N/A       9%          3
 Summon Guardian Golem    Hex/Summ       13%        N/A       9%          3
 Tukima's Dance           Hex            13%        N/A       9%          3
 Animate Armour           Summ/Erth      26%        N/A       26%         4
 Cause Fear               Hex            6%         N/A       26%         4
 Ice Form                 Ice/Tmut       13%        N/A       26%         4
 Leda's Liquefaction      Hex/Erth       6%         N/A       26%         4
 Olgreb's Toxic Radiance  Pois           13%        N/A       26%         4
 Petrify                  Tmut/Erth      13%        N/A       26%         4
 Summon Ice Beast         Ice/Summ       13%        N/A       26%         4
 Spellforged Servitor     Conj/Summ      29%        N/A       26%         7
 Death Channel            Necr           20%        N/A       32%         6
 Maxwell's Capacitive Co  Air            35%        ∞         32%         8
 Alistair's Intoxication  Tmut/Pois      8%         N/A       56%         5
 Lee's Rapid Deconstruct  Erth           6%         3d7*      56%         5
 Metabolic Englaciation   Hex/Ice        6%         N/A       56%         5
 Summon Mana Viper        Hex/Summ       13%        N/A       56%         5
 Yara's Violent Unravell  Hex/Tmut       6%         3d5       56%         5
 Storm Form               Tmut/Air       24%        N/A       65%         7
 Disjunction              Tloc           32%        N/A       65%         8
 Simulacrum               Ice/Necr       13%        N/A       73%         6
 Chain Lightning          Conj/Air       39%        3d52      77%         9
 Malign Gateway           Summ/Tloc      21%        N/A       82%         7
 Lehudib's Crystal Spear  Conj/Erth      29%        10d8      88%         8
 Invisibility             Hex            6%         N/A       98%         6
 Statue Form              Tmut/Erth      8%         N/A       98%         6
 Haunt                    Necr/Summ      13%        N/A       99%         7
 Dragon Form              Tmut           6%         N/A       100%        7
 Ozocubu's Refrigeration  Ice            6%         4d6       100%        7
 Borgnjor's Revivificati  Necr           20%        N/A       100%        8
 Discord                  Hex            6%         N/A       100%        8
 Ignition                 Fire           6%         3d4       100%        8
 Infestation              Necr           20%        N/A       100%        8
 Necromutation            Tmut/Necr      13%        N/A       100%        8
 Death's Door             Necr           20%        N/A       100%        9
 Dragon's Call            Summ           6%         N/A       100%        9
 Fire Storm               Conj/Fire      29%        8d8       100%        9
 Polar Vortex             Ice            6%         N/A       100%        9
 Shatter                  Erth           6%         3d9*      100%        9


Dungeon Overview and Level Annotations

Branches:
Dungeon (15/15)            Temple (1/1) D:5            Lair (6/6) D:9
  Swamp (4/4) Lair:4        Snake (4/4) Lair:2        Slime (0/5) Lair:6
    Orc (2/2) D:11            Elf (3/3) Orc:2        Vaults (5/5) D:14
  Crypt (1/3) Vaults:3     Depths (5/5) D:15           Hell (visited)
    Dis (0/7) Hell            Geh (0/7) Hell            Coc (0/7) Hell
    Tar (0/7) Hell            Zot (5/5) Depths:5

Altars:
Ashenzari
Cheibriados
Dithmenos
Elyvilon
Fedhas
Gozag
Hepliaklqana
Kikubaaqudgha
Makhleb
Nemelex Xobeh
Okawaru
Qazlal
Ru
Sif Muna
Trog
Uskayaw
Vehumet
Wu Jian
Xom
Yredelemnul
Zin
The Shining One
Jiyva

Shops:
D:3 :   D:4 [   D:8 (:   D:13 [(   Orc:2 !?(*   Elf:1 [   Snake:3 =
Vaults:2 [   Vaults:3 ([   Depths:1 (*:   Depths:3 **   Depths:5 =::

Portals:
Hell: Depths:1 Depths:2 Depths:3 Depths:4 Depths:5
Abyss: Depths:2 Depths:4
Pandemonium: Depths:3 Depths:4
Ziggurat: Depths:1

Annotations:
D:3 1 exclusion
D:4 exclusion: ogre
D:6 exclusions: centaur and 2 more exclusions
Lair:2 exclusion: 2 oklob plants
Lair:6 exclusion: orange crystal statue
Crypt:1 Mennas
Hell exclusion: 2 ice statues


Innate Abilities, Weirdness & Mutations

You have hooves in place of feet.
You are completely covered in thin metallic scales. (AC +4, rElec)
You are extremely robust. (+30% HP)
You are completely covered in sharp spines.
Spells you cast and wands you use may paralyse nearby enemies.


Message History

You convulse.
* * * LOW HITPOINT WARNING * * *
Mennas hits you with a +2 sacred scourge of holy wrath!
* * * LOW HITPOINT WARNING * * *
You convulse!
* * * LOW HITPOINT WARNING * * *
You feel much better.
Mennas hits you with a +2 sacred scourge of holy wrath!
* * * LOW HITPOINT WARNING * * *
You convulse!
* * * LOW HITPOINT WARNING * * *
Mennas hits you but does no damage. Mennas barely misses you.
Mennas hits you but does no damage.
You feel better.
Mennas hits you with a +2 sacred scourge of holy wrath!!
* * * LOW HITPOINT WARNING * * *
You convulse!!
* * * LOW HITPOINT WARNING * * *
Mennas hits you but does no damage.
You feel much better. Mennas is struck by your spines.
Mennas hits you but does no damage. You block Mennas's attack.
Mennas hits you but does no damage.
Mennas hits you with a +2 sacred scourge of holy wrath.
* * * LOW HITPOINT WARNING * * *
You convulse.
* * * LOW HITPOINT WARNING * * *
You feel much better. You block Mennas's attack. x2
Unknown command.
You feel much better. Mennas is struck by your spines. Mennas misses you.
Mennas hits you with a +2 sacred scourge of holy wrath!
* * * LOW HITPOINT WARNING * * *
You convulse!
* * * LOW HITPOINT WARNING * * *
The curse skull calls on the powers of darkness!
Your body is wracked with pain!
* * * LOW HITPOINT WARNING * * *
Mennas hits you with a +2 sacred scourge of holy wrath!!
* * * LOW HITPOINT WARNING * * *
You convulse!!
You die...

#.# #...# #.# #...# #.#
#...# #.# #...# ...
#.######...# #.#
#nVZ.......# #.#
#zW........# #.#
#A#######..# #.# #@# #..#
#.# #.# #..# #.# #.# #..#
#####.##########.# #..#
.....>..).....[..# #..#
###...###)#####..#######..#
#...#...)...#...........#
#(..#.......#(..........#
###...#.......#...........#


You could see Mennas (silencing), a curse skull, a freezing wraith (summoned), a
vampire (summoned, invisible), a necrophage (summoned) and a dire elephant
skeleton (summoned).

Vanquished Creatures
  Tiamat (Zot:2)
  2 ancient liches (Depths:3)
  Mara (Swamp:2)
  4 juggernauts (Depths:4)
  Sojobo (Vaults:5)
  Xtahua (Vaults:2)
  Saint Roka (Snake:3)
  Vashnia (Snake:4)
  Geryon (Hell)
  11 caustic shrikes
  Nikola (Swamp:4)
  10 golden dragons
  2 bone dragons (Depths:5)
  2 electric golems (Zot:2)
  A hellephant (Hell)
  2 Orb Guardians (Zot:5)
  18 tentacled monstrosities
  3 liches
  2 deep elf blademasters (Elf:3)
  6 titans
  Asterion (Elf:2)
  3 deep elf master archers
  7 quicksilver dragons
  7 death cobs
  4 ancient champions (Hell)
  12 tengu reavers
  5 sphinxes
  14 storm dragons
  Roxanne (Elf:1)
  10 fire giants
  8 shadow dragons
  19 nagarajas
  7 draconian monks
  4 draconian scorchers
  10 frost giants
  Donald (Swamp:4)
  10 vault wardens
  2 iron dragons (Depths:4)
  12 deep elf sorcerers
  Louise (D:15)
  7 draconian knights
  4 draconian shifters
  A balrug (Zot:2)
  4 deep elf elementalists
  2 curse skulls (Crypt:1)
  10 draconian annihilators
  A ghost moth (Zot:3)
  2 draconian stormcallers
  A cacodemon (Hell)
  54 very ugly things
  13 ironbound preservers
  2 caustic shrike skeletons
  6 reapers (Hell)
  9 war gargoyles
  17 stone giants
  6 spriggan defenders
  9 deep elf annihilators
  5 vampire knights
  3 lorocyprocas
  5 deep elf demonologists
  12 green draconians
  5 bunyips
  12 black draconians
  7 white draconians
  5 entropy weavers
  9 spark wasps
  11 purple draconians
  Snorg (D:11)
  12 red draconians
  3 dire elephants
  2 eidola (Crypt:1)
  18 yellow draconians
  2 blizzard demons (Hell)
  5 eleionomae
  10 ettins
  5 deep elf death magi
  A green death (Hell)
  14 fire dragons
  A great orb of eyes (shapeshifter) (Vaults:5)
  A crystal guardian (Vaults:4)
  21 yaktaur captains
  2 jiangshi (Depths:2)
  11 deep elf high priests
  32 vault guards
  13 great orbs of eyes
  7 rakshasas
  13 spriggan air magi
  20 naga warriors
  11 ice dragons
  2 salamander tyrants
  3 peacekeepers
  18 hydras
  4 death knights
  6 ghost crabs
  6 ironbound thunderhulks
  5 boulder beetles
  2 catoblepae
  12 centaur warriors
  9 alligators
  3 ogre magi
  An anaconda (shapeshifter) (Depths:1)
  12 deep troll shamans
  6 anacondas
  3 two-headed ogres
  3 ironbound frosthearts
  30 dancing weapons
  3 hell hogs (Hell)
  3 death yaks (Lair:6)
  11 deep troll earth magi
  7 tengu warriors
  5 vampire magi
  3 ironbound beastmasters
  14 spriggan berserkers
  A shock serpent (shapeshifter) (Depths:2)
  11 deep elf knights
  6 sun demons
  12 hell knights
  8 shock serpents
  4 orc high priests
  20 naga sharpshooters
  A fire crab (Swamp:4)
  10 soul eaters
  3 iron golems (Hell)
  5 salamander mystics
  60 deep trolls
  3 iron trolls
  2 shadow wraiths (Hell)
  A storm dragon skeleton (Depths:3)
  A sixfirhy (Hell)
  5 goliath frogs
  17 skeletal warriors
  2 shadow demons (Depths:1)
  A swamp dragon (shapeshifter) (Vaults:5)
  10 swamp dragons
  7 flayed ghosts
  3 spriggan druids
  A golden dragon skeleton (Crypt:1)
  A shadow dragon zombie (Hell)
  19 wizards
  3 phantasmal warriors
  4 glowing orange brains
  19 ironbound convokers
  2 orc knights
  9 naga ritualists
  25 deep elf pyromancers
  8 lindwurms
  5 bog bodies
  19 deep elf zephyrmancers
  6 deep elf archers
  9 necromancers
  56 ugly things
  An anaconda skeleton (Hell)
  An iron dragon zombie (Hell)
  7 mana vipers
  A lindwurm (shapeshifter) (Vaults:3)
  A goliath frog zombie (Crypt:1)
  A tengu zombie (Depths:3)
  A harpy (Vaults:2)
  2 orc sorcerers
  A mana viper (shapeshifter) (Vaults:5)
  14 salamanders
  A manticore (D:15)
  25 slime creatures
  A fire giant zombie (Hell)
  5 will-o-the-wisps
  16 moths of wrath
  2 cyclopes (D:14)
  An elephant (shapeshifter) (Depths:4)
  A stone giant skeleton (Depths:1)
  2 orange demons (Hell)
  A moth of wrath (shapeshifter) (Vaults:5)
  8 rust devils
  32 black mambas
  A gargoyle (D:13)
  18 naga magi
  21 elephants
  3 molten gargoyles (Hell)
  5 guardian serpents
  12 vault sentinels
  A yellow draconian zombie (Crypt:1)
  4 smoke demons
  3 kobold demonologists
  A hellion (Depths:4)
  10 rime drakes
  2 unseen horrors
  Maggie (D:6)
  A sea snake zombie (Hell)
  6 komodo dragons
  13 cane toads
  A demonic crawler (Depths:5)
  2 efreet
  20 yaktaurs
  A tormentor (Hell)
  11 tengu conjurers
  A hellwing (Depths:4)
  An ice devil (Hell)
  6 polar bears
  8 freezing wraiths
  4 trolls
  4 sea snake skeletons
  A hydra zombie (Hell)
  A red devil (Hell)
  8 tyrant leeches
  25 blink frogs
  2 hydra skeletons (Hell)
  A wolf spider simulacrum (D:15)
  4 jumping spiders
  Prince Ribbit (D:5)
  An ettin zombie (Depths:1)
  A dream sheep (Lair:6)
  A death drake skeleton (Crypt:1)
  20 hornets
  An alligator skeleton (Hell)
  4 shadows
  8 wraiths
  3 air elementals
  7 redbacks
  3 water elementals
  A fire elemental (Swamp:3)
  50 yaks
  A basilisk (D:13)
  28 spriggans
  7 humans (D:14)
  Eustachio (D:6)
  A human (shapeshifter) (D:10)
  5 wyverns
  6 steam dragons
  15 vampire mosquitoes
  3 wargs (Orc:2)
  50 nagas
  A swamp worm (shapeshifter) (D:15)
  16 water moccasins
  11 swamp worms
  An acid dragon (D:12)
  2 floating eyes (Depths:4)
  A water nymph skeleton (Crypt:1)
  10 hell hounds (Hell)
  34 orc warriors
  8 swamp drakes
  5 sky beasts
  5 black bears
  6 ogres
  11 centaurs
  A manticore skeleton (Crypt:1)
  6 boggarts
  50 wolves
  A phantom (D:4)
  2 kobold brigands
  2 earth elementals (Elf:3)
  16 bullfrogs
  A scorpion (D:6)
  A glowing shapeshifter simulacrum (Depths:1)
  4 killer bees (D:8)
  A snapping turtle simulacrum (Hell)
  7 wights
  A wolf zombie (Crypt:1)
  5 electric eels
  3 howler monkeys (D:11)
  2 centaur zombies
  7 lava snakes
  4 hounds
  2 jellies (D:5)
  Crazy Yiuf (D:2)
  32 orc priests
  A bullfrog skeleton (D:4)
  11 iguanas
  37 orc wizards
  2 hell rats (Lair:3)
  Robin (D:1)
  A hound skeleton (D:2)
  A howler monkey zombie (D:6)
  A gnoll (D:4)
  A swamp drake zombie (Crypt:1)
  10 adders
  8 river rats
  2 white imps
  3 ufetubi
  A worm (D:2)
  3 dart slugs
  65 orcs
  2 bats
  6 endoplasms
  5 giant cockroaches
  9 goblins
  10 hobgoblins
  8 jackals
  5 quokkas
  8 ball pythons
  13 frilled lizards
  22 kobolds
  7 rats
2235 creatures vanquished.

Vanquished Creatures (collateral kills)
  A frost giant (Vaults:5)
  An iron dragon (Vaults:5)
  A vault warden (Vaults:5)
  An ironbound preserver (Vaults:5)
  A very ugly thing (Depths:4)
  An ettin (Vaults:5)
  A yaktaur captain (Vaults:5)
  A vault guard (Vaults:5)
  2 deep troll earth magi (Depths:4)
  2 deep trolls (Depths:4)
  A swamp dragon (Swamp:4)
  An ugly thing (Depths:4)
  2 vault sentinels (Vaults:5)
  A yaktaur (Vaults:5)
17 creatures vanquished.

Vanquished Creatures (others)
  A draconian knight (Zot:5)
  A spriggan defender (Depths:2)
  A hydra (Swamp:4)
  An alligator (Swamp:1)
  A deep troll (Depths:2)
  A swamp dragon (Swamp:4)
  An ugly thing (Depths:2)
  2 bloated husks
  A human (D:14)
  A steam dragon (Swamp:4)
  6 swamp drakes (Swamp:4)
  An orc (Elf:1)
  14 foxfires
  45 fungi
  86 plants
163 creatures vanquished.

Grand Total: 2415 creatures vanquished

Notes
Turn   | Place    | Note
-------+----------+-------------------------------------------
     0 | D:1      | MeltyBlood the Demonspawn Necromancer began the quest for
                  | the Orb.
     0 | D:1      | Reached XP level 1. HP: 13/13 MP: 3/3
   322 | D:1      | Gained mutation: You are partially covered in sharp spines.
                  | [demonic ancestry]
   322 | D:1      | Reached XP level 2. HP: 19/20 MP: 3/5
   614 | D:1      | Reached skill level 1 in Fighting
  1265 | D:1      | Gained mutation: You have large cloven feet. [demonic
                  | ancestry]
  1265 | D:1      | Reached XP level 3. HP: 26/26 MP: 6/6
  1327 | D:1      | Learned a level 3 spell: Vampiric Draining
  1690 | D:2      | Found a shadowy altar of Dithmenos.
  2054 | D:2      | Noticed Robin
  2074 | D:2      | Gained mutation: You have hoof-like feet. [demonic
                  | ancestry]
  2074 | D:2      | Reached XP level 4. HP: 21/32 MP: 2/7
  2354 | D:1      | Killed Robin
  2536 | D:2      | Reached skill level 5 in Necromancy
  2541 | D:2      | Learned a level 4 spell: Animate Dead
  2603 | D:2      | Reached skill level 1 in Short Blades
  2984 | D:2      | Found a runed translucent door.
  2985 | D:2      | Noticed Crazy Yiuf
  3288 | D:3      | Gained mutation: Spells you cast may paralyse adjacent
                  | enemies. [demonic ancestry]
  3288 | D:3      | Reached XP level 5. HP: 35/38 MP: 5/9
  3329 | D:3      | Found Aralot's Book Boutique.
  3515 | D:3      | Noticed a black bear
  3961 | D:4      | Noticed an ogre
  4036 | D:4      | Found an opulent altar of Gozag.
  4205 | D:4      | Noticed a phantom
  4457 | D:4      | Noticed a black bear
  4475 | D:4      | Killed a black bear
  4476 | D:4      | Gained mutation: You have hooves in place of feet. [demonic
                  | ancestry]
  4476 | D:4      | Reached XP level 6. HP: 45/46 MP: 4/10
  4588 | D:4      | Found Oppi's Armour Shoppe.
  4598 | D:4      | Bought a +0 pair of gloves for 58 gold pieces
  5051 | D:4      | Gained mutation: You are mostly covered in sharp spines.
                  | [demonic ancestry]
  5051 | D:4      | Reached XP level 7. HP: 48/51 MP: 2/12
  5350 | D:5      | Entered Level 5 of the Dungeon
  5635 | D:5      | Noticed Prince Ribbit
  5900 | D:5      | Found a staircase to the Ecumenical Temple.
  5909 | Temple   | Entered the Ecumenical Temple
  5951 | Temple   | Became a worshipper of Uskayaw the Reveller
  6052 | D:5      | Reached * piety under Uskayaw
  6121 | D:5      | Reached ** piety under Uskayaw
  6122 | D:5      | Reached *** piety under Uskayaw
  6328 | D:5      | Reached **** piety under Uskayaw
  6329 | D:5      | Killed Prince Ribbit
  6330 | D:5      | Reached skill level 2 in Invocations
  6336 | D:5      | Learned a level 5 spell: Agony
  6737 | D:5      | Reached XP level 8. HP: 53/60 MP: 9/13
  7049 | D:6      | Reached skill level 3 in Invocations
  7076 | D:6      | Noticed Eustachio
  7083 | D:6      | Killed Eustachio
  7287 | D:6      | Reached skill level 4 in Invocations
  7303 | D:6      | Noticed Maggie
  7308 | D:6      | Killed Maggie
  7309 | D:6      | Reached skill level 5 in Stealth
  7547 | D:6      | Reached skill level 5 in Fighting
  7570 | D:6      | Reached skill level 5 in Invocations
  7898 | D:7      | Reached XP level 9. HP: 68/68 MP: 5/14
  8207 | D:7      | Noticed a komodo dragon
  8216 | D:7      | Reached skill level 5 in Short Blades
  8225 | D:7      | Reached ***** piety under Uskayaw
  8227 | D:7      | Reached skill level 1 in Armour
  8316 | D:7      | Killed a komodo dragon
  8317 | D:7      | Reached skill level 6 in Invocations
  9196 | D:8      | Found Woud's Self-Improvement Boutique.
  9412 | D:8      | Reached ****** piety under Uskayaw
  9413 | D:8      | Reached skill level 7 in Invocations
  9605 | D:8      | Found Soew's Weapon Shoppe.
 10041 | D:9      | Reached XP level 10. HP: 66/77 MP: 8/15
 10409 | D:9      | Found a staircase to the Lair.
 10497 | D:9      | Reached skill level 8 in Invocations
 10823 | D:10     | Entered Level 10 of the Dungeon
 10945 | Lair:1   | Entered Level 1 of the Lair of Beasts
 11150 | Lair:1   | Noticed a six-headed hydra
 12183 | D:10     | Noticed a wizard
 12199 | D:10     | Killed a wizard
 12200 | D:10     | Reached skill level 9 in Invocations
 12815 | D:11     | Reached XP level 11. HP: 85/85 MP: 17/17
 13172 | D:11     | Noticed a death knight
 13400 | D:11     | Reached skill level 5 in Armour
 13421 | D:11     | Found a staircase to the Orcish Mines.
 13673 | D:11     | Noticed Snorg
 13681 | D:11     | Killed Snorg
 14644 | D:11     | Noticed a sixfirhy
 14845 | Orc:1    | Entered Level 1 of the Orcish Mines
 14859 | Orc:1    | Noticed an orc knight
 14891 | D:11     | Killed an orc knight
 15116 | D:12     | Reached skill level 10 in Invocations
 15125 | D:12     | Identified the +1 spear of Turmoil {elec, rN+ Dex+2}
 15136 | D:12     | Noticed a two-headed ogre
 15146 | D:12     | Killed a two-headed ogre
 15398 | D:12     | Noticed a red ugly thing
 15430 | D:12     | Killed a red ugly thing
 15617 | D:12     | Found a runed translucent door.
 15890 | D:12     | Noticed an angel
 16067 | D:13     | Noticed a two-headed ogre
 16076 | D:13     | Killed a two-headed ogre
 16205 | D:13     | Found a gate leading to a gauntlet.
 16206 | D:13     | Identified the ring "Oset" {rPois Str+4}
 16214 | D:13     | Noticed a two-headed ogre
 16233 | D:13     | Killed a two-headed ogre
 16270 | D:13     | Found Jube's Antique Armour Shoppe.
 16295 | D:13     | Gained mutation: Spells you cast may paralyse nearby
                  | enemies. [demonic ancestry]
 16295 | D:13     | Reached XP level 12. HP: 55/95 MP: 18/20
 16331 | D:13     | Noticed a catoblepas
 16630 | D:13     | Noticed a boulder beetle
 17481 | D:12     | Killed a death knight
 17938 | Orc:1    | Reached skill level 11 in Invocations
 18551 | Orc:2    | Entered Level 2 of the Orcish Mines
 18762 | Orc:2    | Found a staircase to the Elven Halls.
 19521 | Orc:2    | Learned a level 5 spell: Lightning Bolt
 19574 | Orc:2    | Noticed an orc high priest
 20073 | Orc:2    | Noticed an orc high priest
 20101 | Orc:2    | Killed an orc high priest
 20102 | Orc:2    | Reached skill level 1 in Conjurations
 20102 | Orc:2    | Reached skill level 1 in Air Magic
 20105 | Orc:2    | Noticed an orc high priest
 20109 | Orc:2    | Killed an orc high priest
 20293 | Orc:2    | Reached skill level 10 in Stealth
 20318 | Orc:2    | Found Mug Jiec's Magic Scroll Emporium.
 20318 | Orc:2    | Found Enattamo's Assorted Antiques.
 20318 | Orc:2    | Found Radimon's Antique Weapon Shoppe.
 20322 | Orc:2    | Found Iskeblax's Distillery.
 20363 | Orc:2    | Bought a potion of heal wounds for 60 gold pieces
 20363 | Orc:2    | Bought 2 potions of heal wounds for 120 gold pieces
 20363 | Orc:2    | Bought a potion of berserk rage for 60 gold pieces
 20363 | Orc:2    | Bought a potion of might for 48 gold pieces
 20363 | Orc:2    | Bought a potion of resistance for 120 gold pieces
 20364 | Orc:2    | Bought a scroll of enchant weapon for 112 gold pieces
 20364 | Orc:2    | Bought a scroll of summoning for 142 gold pieces
 20508 | Orc:2    | Noticed an orc high priest
 20529 | Orc:2    | Killed an orc high priest
 20867 | Lair:1   | Killed a six-headed hydra
 21182 | Lair:1   | Gained mutation: You are partially covered in thin metallic
                  | scales. (AC +2) [demonic ancestry]
 21182 | Lair:1   | Reached XP level 13. HP: 103/103 MP: 14/21
 21289 | Lair:1   | Reached skill level 10 in Fighting
 21651 | Lair:2   | Reached skill level 12 in Invocations
 22484 | Lair:2   | Found a staircase to the Snake Pit.
 24612 | Lair:4   | Gained mutation: You are mostly covered in thin metallic
                  | scales. (AC +3) [demonic ancestry]
 24612 | Lair:4   | Reached XP level 14. HP: 111/111 MP: 23/23
 24679 | Lair:4   | Identified the +3 leather armour "Atziguf" {rC+ Regen+
                  | Str-4}
 24744 | Lair:4   | Found a staircase to the Swamp.
 24761 | Lair:4   | Reached skill level 13 in Invocations
 25028 | Lair:4   | Reached skill level 10 in Short Blades
 25056 | Lair:4   | Reached skill level 5 in Conjurations
 26310 | Lair:5   | Reached skill level 5 in Air Magic
 27008 | Lair:6   | Entered Level 6 of the Lair of Beasts
 28228 | Lair:6   | Found a viscous altar of Jiyva.
 28228 | Lair:6   | Found a staircase to the Slime Pits.
 29364 | D:13     | Found Azxantaox's Weapon Shoppe.
 29521 | D:13     | Found an opulent altar of Gozag.
 29559 | D:13     | Gained mutation: You are robust. (+10% HP) [demonic
                  | ancestry]
 29559 | D:13     | Reached XP level 15. HP: 107/130 MP: 25/25
 30038 | D:14     | Reached skill level 1 in Shields
 30533 | D:14     | Reached skill level 14 in Invocations
 30632 | D:14     | Found a gate to the Vaults.
 30798 | D:15     | Entered Level 15 of the Dungeon
 31037 | D:15     | Found a shimmering altar of Xom.
 31351 | D:15     | Noticed Louise
 31356 | D:15     | Killed Louise
 32158 | D:15     | Noticed a quicksilver dragon
 32160 | D:15     | Noticed a golden dragon
 32160 | D:15     | a quicksilver dragon changed into a golden dragon
 32163 | D:15     | Noticed a shadow dragon
 32163 | D:15     | a golden dragon changed into a shadow dragon
 32229 | D:15     | Noticed a frost giant
 32232 | D:15     | a frost giant changed into an iron troll
 32235 | D:15     | Noticed a shadow dragon
 32235 | D:15     | an iron troll changed into a shadow dragon
 32238 | D:15     | Noticed a shadow dragon
 32243 | D:15     | Noticed an iron dragon
 32243 | D:15     | a shadow dragon changed into an iron dragon
 32243 | D:15     | Noticed an iron giant
 32243 | D:15     | a shadow dragon changed into an iron giant
 32245 | D:15     | Noticed an iron giant
 32245 | D:15     | an iron dragon changed into an iron giant
 32246 | D:15     | Noticed an acid blob
 32246 | D:15     | an iron giant changed into an acid blob
 32246 | D:15     | Noticed a shadow dragon
 32246 | D:15     | an iron giant changed into a shadow dragon
 32247 | D:15     | Noticed a quicksilver dragon
 32247 | D:15     | a shadow dragon changed into a quicksilver dragon
 32262 | D:15     | Noticed a golden dragon
 32610 | D:15     | Noticed a storm dragon
 32610 | D:15     | a seven-headed hydra changed into a storm dragon
 32620 | D:15     | HP: 3/128 [storm dragon (glowing shapeshifter)/bolt of
                  | lightning (21)]
 32625 | D:15     | a storm dragon changed into a minotaur
 33014 | Snake:1  | Entered Level 1 of the Snake Pit
 35111 | Snake:2  | Reached skill level 10 in Conjurations
 35774 | Snake:2  | Reached XP level 16. HP: 109/139 MP: 8/26
 39192 | Snake:3  | Noticed Saint Roka
 39248 | Snake:3  | Killed Saint Roka
 39249 | Snake:3  | Reached skill level 10 in Air Magic
 39469 | Snake:3  | Identified a scroll of acquirement
 39470 | Snake:3  | Acquired the +8 quick blade of Racuontu {vamp, Dex+2}
 39786 | Snake:3  | Found Nudiecvu's Jewellery Shoppe.
 40981 | Snake:4  | Entered Level 4 of the Snake Pit
 42094 | Swamp:1  | Entered Level 1 of the Swamp
 42138 | Swamp:1  | Gained mutation: You are completely covered in thin
                  | metallic scales. (AC +4, rElec) [demonic ancestry]
 42138 | Swamp:1  | Reached XP level 17. HP: 146/146 MP: 23/27
 42247 | Swamp:1  | Reached skill level 10 in Armour
 44508 | Swamp:3  | Reached skill level 15 in Invocations
 44584 | Swamp:3  | Noticed Mara
 44598 | Swamp:2  | Noticed MeltyBlood's illusion
 44609 | Swamp:2  | Killed Mara
 45265 | Swamp:4  | Entered Level 4 of the Swamp
 45265 | Swamp:4  | Noticed Nikola
 45275 | Swamp:4  | Killed Nikola
 45635 | Swamp:4  | Reached skill level 5 in Shields
 46090 | Swamp:4  | Noticed Donald
 46094 | Swamp:4  | Reached skill level 5 in Dodging
 46642 | Swamp:4  | Found a sparkling altar of Nemelex Xobeh.
 46652 | Swamp:4  | Killed Donald
 46653 | Swamp:4  | Gained mutation: You are completely covered in sharp
                  | spines. [demonic ancestry]
 46653 | Swamp:4  | Reached XP level 18. HP: 156/156 MP: 4/29
 48263 | Swamp:4  | Got a decaying rune of Zot
 50876 | Snake:4  | Noticed Vashnia
 51303 | Snake:4  | Reached skill level 16 in Invocations
 51517 | Snake:4  | Got a serpentine rune of Zot
 52645 | Snake:4  | Killed Vashnia
 53555 | Vaults:1 | Entered Level 1 of the Vaults
 53657 | Vaults:1 | Gained mutation: You are very robust. (+20% HP) [demonic
                  | ancestry]
 53657 | Vaults:1 | Reached XP level 19. HP: 117/178 MP: 7/31
 55097 | Vaults:2 | Reached skill level 10 in Shields
 55199 | Vaults:2 | Got the Almanac of Evil and Fascination
 55274 | Vaults:2 | Noticed Xtahua
 55280 | Vaults:2 | Paralysed by Xtahua for 2 turns
 55754 | Vaults:2 | Paralysed by Xtahua for 2 turns
 55757 | Vaults:2 | Killed Xtahua
 56614 | Vaults:2 | Found Kuapaix's Antique Armour Shoppe.
 56952 | Vaults:3 | Found Rywehoph's Antique Weapon Emporium.
 57346 | Vaults:3 | Found Qass's Antique Armour Shoppe.
 57906 | D:8      | Bought a manual of Conjurations for 1120 gold pieces
 58431 | Vaults:3 | Reached XP level 20. HP: 187/187 MP: 4/32
 58888 | Vaults:3 | Found a staircase to the Crypt.
 59887 | Vaults:4 | Reached skill level 15 in Conjurations
 61258 | Vaults:4 | Acquired 1158 gold pieces
 61630 | D:12     | Identified the +2 hat of Pucsojakk {rC- rN+ rCorr}
 61641 | D:12     | Identified the +10 whip of the Jester {drain, +Rage rF+
                  | Int+3}
 61645 | D:12     | Found a runed translucent gate.
 61645 | D:12     | Found a runed translucent gate.
 61645 | D:12     | Found a runed translucent gate.
 61645 | D:12     | Found a runed translucent gate.
 61645 | D:12     | Found a runed translucent gate.
 61645 | D:12     | Found a runed translucent gate.
 61839 | D:12     | Identified the amulet "Bipaajunt" {Faith Dex+4}
 62175 | Snake:3  | Bought the amulet "Heuvorph" {Reflect rC+ Will+ Int+4 SH+5}
                  | for 754 gold pieces
 62439 | D:3      | Bought a book of the Spheres for 702 gold pieces
 62447 | D:3      | Learned a level 7 spell: Orb of Destruction
 62940 | D:15     | Found a staircase to the Depths.
 63079 | Depths:1 | Entered Level 1 of the Depths
 63323 | Depths:1 | Found Sofa's Book Emporium.
 63323 | Depths:1 | Found Wiypuawu's General Store.
 63327 | Depths:1 | Found Juapyitaet's Antique Weapon Emporium.
 64304 | Depths:1 | Reached skill level 15 in Shields
 64509 | Depths:1 | Found a gateway to Hell.
 64942 | Depths:1 | Found a gateway to a ziggurat.
 64979 | Depths:1 | Acquired 632 gold pieces
 65242 | Depths:1 | Gained mutation: Spells you cast and wands you use may
                  | paralyse nearby enemies. [demonic ancestry]
 65242 | Depths:1 | Reached XP level 21. HP: 186/194 MP: 6/33
 65620 | Depths:2 | Noticed a golden dragon
 65621 | Depths:2 | Killed a golden dragon
 65657 | Depths:2 | Reached skill level 5 in Spellcasting
 65894 | Depths:2 | Noticed a caustic shrike
 65913 | Depths:2 | Killed a caustic shrike
 67283 | Depths:2 | Found the +6 lightning scales {swift, rElec}
 67287 | Depths:2 | Got the Incunabulum of Transformation and the Mountains
 67347 | Depths:2 | Identified the +5 hand axe "Lyppeeg" {vorpal, Str+3}
 67710 | Depths:2 | Found a one-way gate to the infinite horrors of the Abyss.
 68109 | Depths:2 | Noticed a caustic shrike
 68121 | Depths:2 | Killed a caustic shrike
 68572 | Vaults:5 | Entered Level 5 of the Vaults
 68615 | Vaults:5 | Reached skill level 10 in Dodging
 68615 | Vaults:5 | Gained mutation: You are extremely robust. (+30% HP)
                  | [demonic ancestry]
 68615 | Vaults:5 | Reached XP level 22. HP: 194/219 MP: 35/35
 68859 | Vaults:5 | Reached skill level 10 in Spellcasting
 68975 | Vaults:5 | Identified the ring "Eguippe" {Fire Slay+2}
 69255 | Vaults:5 | Identified the +5 great sword "Uta Qosi" {vorpal, Fragile
                  | Fly rN+ Int+4}
 69255 | Vaults:5 | Identified the +8 chain mail "Vuanne" {rPois rC- Int+4}
 69523 | Vaults:5 | Noticed a golden dragon
 69544 | Vaults:5 | Killed a golden dragon
 70004 | Vaults:5 | Noticed Sojobo
 70007 | Vaults:5 | Paralysed by an air elemental for 1 turns
 70040 | Vaults:5 | Paralysed by an air elemental for 1 turns
 70046 | Vaults:5 | Killed Sojobo
 70347 | Vaults:5 | Reached skill level 15 in Fighting
 70669 | Vaults:5 | Identified the +5 arbalest of the Mouth {elec, rElec rN+
                  | Will+ Str+4}
 70761 | Vaults:5 | Identified the +1 scale mail of Tartarus {Int+7 Dex+3}
 70775 | Vaults:5 | Got Bogy Fog's Incunabulum of Congealing Displacement
 70783 | Vaults:5 | Learned a level 6 spell: Starburst
 70789 | Vaults:5 | Identified the +1 shortbow "Niosast" {venom, Str+4}
 70800 | Vaults:5 | Reached XP level 23. HP: 209/237 MP: 8/38
 71179 | Vaults:5 | Found the +3 salamander hide armour {Flames rF++ rC--}
 71322 | Vaults:5 | Got a silver rune of Zot
 72004 | D:2      | Killed Crazy Yiuf
 72412 | Depths:3 | Found Ithoqi's Assorted Antiques.
 72416 | Depths:3 | Found Jissufepp's Assorted Antiques.
 72516 | Hell     | Entered the Vestibule of Hell
 72516 | Hell     | Noticed Geryon
 73651 | Depths:3 | Bought a scroll of teleportation for 99 gold pieces
 73651 | Depths:3 | Bought a potion of brilliance for 132 gold pieces
 73651 | Depths:3 | Bought a potion of might for 132 gold pieces
 74004 | Depths:3 | Found Ucsaciah's Antique Armour Boutique.
 74104 | Depths:3 | Found a one-way gate leading to the halls of Pandemonium.
 74527 | Depths:3 | Found a shimmering blue altar of Sif Muna.
 74579 | Depths:3 | Got Abameuf's Disquisition on Unholy Rituals and Summoning
 74584 | Depths:3 | Identified the +5 spear "Qelury" {vorpal, rN+}
 74681 | Depths:3 | Noticed an ancient lich
 75075 | Depths:3 | Killed an ancient lich
 75082 | Depths:3 | Noticed an ancient lich
 75112 | Depths:3 | Killed an ancient lich
 75113 | Depths:3 | Reached skill level 17 in Invocations
 75210 | Depths:3 | Got the Incunabulum of Icy Execration
 75365 | Depths:3 | Identified the +12 shortbow of the Reaper {freeze, rPois}
 75572 | Depths:4 | Found a stormy altar of Qazlal.
 75805 | Depths:4 | Acquired 852 gold pieces
 75834 | Depths:4 | Reached skill level 18 in Invocations
 76694 | Depths:4 | Reached XP level 24. HP: 218/257 MP: 17/38
 77023 | Depths:4 | Reached skill level 19 in Invocations
 77404 | Depths:4 | Noticed a juggernaut
 77421 | Depths:4 | Killed a juggernaut
 77433 | Depths:4 | Paralysed by a floating eye for 3 turns
 77440 | Depths:4 | Noticed a juggernaut
 77798 | Depths:4 | Noticed a juggernaut
 77821 | Depths:4 | Killed a juggernaut
 77822 | Depths:4 | Reached skill level 20 in Invocations
 78313 | Depths:4 | Killed a juggernaut
 78521 | Depths:4 | Noticed a juggernaut
 78548 | Depths:4 | Killed a juggernaut
 78874 | Depths:4 | Got Sif Muna's Volume of Malediction
 78875 | Depths:4 | Identified the +1 plate armour "Beugg" {rF+ Will+}
 78924 | Depths:4 | Reached skill level 15 in Air Magic
 79586 | Elf:1    | Entered Level 1 of the Elven Halls
 79810 | Elf:1    | Found Tapnow's Antique Armour Shop.
 79946 | Elf:1    | Noticed Roxanne
 80148 | Elf:1    | Reached skill level 21 in Invocations
 80621 | Elf:1    | Killed Roxanne
 80904 | Elf:2    | Reached XP level 25. HP: 235/265 MP: 2/38
 81237 | Elf:2    | Found a runed translucent gate.
 81238 | Elf:2    | Found a runed translucent gate.
 81238 | Elf:2    | Found a runed translucent gate.
 81290 | Elf:2    | Identified the ring "Huskaapn" {rPois rC+ Int+3}
 81804 | Elf:2    | Noticed Asterion
 81829 | Elf:2    | Killed Asterion
 82013 | Elf:3    | Entered Level 3 of the Elven Halls
 82033 | Elf:3    | Found a magical portal.
 82403 | Elf:3    | Reached skill level 22 in Invocations
 82580 | Elf:3    | Identified the ring of the Salmon {Str+6 Int+6 Slay-4}
 82707 | Elf:3    | Identified the +0 scale mail "Xuacwer" {Harm rPois rF+
                  | MP+9}
 82710 | Elf:3    | Identified the +0 robe "Goepia Ophem" {rF+}
 82716 | Elf:3    | Identified the +6 hand axe of Likler {venom, rF- rC+++
                  | rN+++ Int-3}
 83008 | Elf:3    | Reached skill level 1 in Translocations
 83147 | Elf:3    | Acquired a book of Armaments
 83271 | Elf:3    | Learned a level 4 spell: Passage of Golubria
 83889 | Depths:5 | Entered Level 5 of the Depths
 84536 | Depths:5 | Reached skill level 5 in Translocations
 84788 | Depths:5 | Found Xyokhleh's Book Shop.
 84795 | Depths:5 | Found Ysuo's Jewellery Shoppe.
 84796 | Depths:5 | Found Iluavigu's Book Shop.
 84804 | Depths:5 | Bought a ring of see invisible for 210 gold pieces
 85918 | Depths:5 | Found a gate to the Realm of Zot.
 86244 | Zot:1    | Entered Level 1 of the Realm of Zot
 86369 | Zot:1    | Reached XP level 26. HP: 206/274 MP: 14/38
 86957 | Zot:1    | Reached skill level 15 in Short Blades
 87234 | Zot:1    | Reached skill level 23 in Invocations
 87725 | Zot:1    | You fall into a shaft and drop 1 floor!
 88559 | Zot:2    | Reached skill level 10 in Translocations
 89148 | Zot:2    | Found the +4 dragonskin cloak
 89148 | Zot:2    | Noticed Tiamat
 89191 | Zot:2    | Killed Tiamat
 90628 | Zot:3    | Identified the +1 cloak of Qippob {Dex+4}
 91035 | Zot:3    | Reached XP level 27. HP: 283/283 MP: 38/38
 91527 | Zot:3    | Learned a level 6 spell: Dispersal
 91909 | Zot:4    | Reached skill level 24 in Invocations
 93044 | Zot:5    | Entered Level 5 of the Realm of Zot
 94034 | Hell     | Killed Geryon
 94739 | Hell     | Reached skill level 25 in Invocations
 95258 | Hell     | Found a gateway to the freezing wastes of Cocytus.
 95314 | Hell     | Found a gateway to the decaying netherworld of Tartarus.
 95838 | Hell     | Found a gateway to the Iron City of Dis.
 95907 | Hell     | Found a gateway to the ashen valley of Gehenna.
 96451 | Crypt:1  | Entered Level 1 of the Crypt
 97296 | Crypt:1  | Noticed Mennas
 97354 | Crypt:1  | HP: 14/283 [Mennas (26)]
 97357 | Crypt:1  | Demolished by Mennas

Illustrated notes

Levels and vault maps discovered:
D:1:      co_arrival_random_square_maze, layout_basic, minmay_misc_feat_rows
D:2:      layout_basic, basic_altar, uniq_robin, uniq_crazy_yiuf_cottage
D:3:      layout_basic, serial_shops, nicolae_shop_trees
D:4:      layout_loops_ring, mainiacjoe_overflow_catwalk, serial_shops,
          nicolae_lakefront_shop, cheibrodos_gnoll_hut
D:5:      layout_basic, minmay_temple_entry_wispy, uniq_prince_ribbit1
D:6:      layout_loops_corners, portal_sewer_entry_c, centaur_isle, uniq_maggie,
          uniq_eustachio
D:7:      layout_layer_cave, enter_bailey_2, minmay_lizard_king
D:8:      layout_basic, serial_shops, nicolae_shop_waterfront,
          nicolae_shop_self_help
D:9:      layout_cave_pools, lair_entry_dummy
D:10:     layout_rooms, st_stairs_14
D:11:     layout_loops_corners, orc_david_3, nrook_campfire, uniq_snorg
D:12:     gammafunk_indiana_jones, layout_irregular_city, zin_angel
D:13:     layout_loops_ring, serial_shops, shop, shop, gauntlet_entry_generic,
          grunt_gozag_statues
D:14:     layout_stronghold, ximxim_vaults_locker_room, serial_park_square2,
          serial_column_ruins, column_ruins_hut_pillars,
          column_ruins_columns_water, column_ruins_grid_3,
          column_ruins_corridor_T
D:15:     gammafunk_enter_depths_forms, layout_loops_ring, lemuel_doored_altar,
          uniq_louise
Temple:   grunt_wide_crystal_templ
Lair:1:   layout_regular_city, hibernation_bobbens, lemuel_fruit_tree,
          grunt_megastairs_3
Lair:2:   layout_long_grid, minmay_snake_entry_guardpost_large,
          bobbens_dragon_lair_wall, serial_bayou_shore_a,
          minmay_lair_oklob_chamber
Lair:3:   layout_misc_corridors, kennysheep_rathole
Lair:4:   layout_loops_ring, nicolae_swamp_entry_splash_gauntlet
Lair:5:   layout_cave_shapes, serial_rivers, chequers_serial_rivers_marsh,
          chequers_serial_rivers_room_a, chequers_serial_rivers_small_3,
          chequers_serial_rivers_room_b, chequers_serial_rivers_micro_c
Lair:6:   minmay_lair_end_enchanted_forest, layout_misc_corridors,
          slime_altar_1, disabler_island
Swamp:1:  layout_basic_swamp, serial_swamp_ruin, evilmike_swamp_ruin_wall,
          evilmike_swamp_ruin_rubble_1, hangedman_swamp_ruin_wall
Swamp:2:  layout_basic_swamp, evilmike_swamp_ruin_house_4
Swamp:3:  layout_falls_marsh, evilmike_swamp_ruin_house_2, swamp_pool3,
          uniq_mara
Swamp:4:  swamp_fiery, layout_basic_swamp, swamp_pool4, lemuel_altar_in_water,
          uniq_donald, uniq_nikola
Snake:1:  layout_layer_cave, drop_trap
Snake:2:  layout_concentric_octagons, nicolae_snake_double_loop,
          nicolae_snake_single_loop
Snake:3:  layout_chambers, serial_shops, nicolae_square_shop,
          grunt_ministairs_8, serial_bayou_shore_b, uniq_saint_roka
Snake:4:  grunt_snake_rune_spirals, layout_concentric_octagons, uniq_vashnia
Orc:1:    layout_caves, guppyfry_library_mini
Orc:2:    st_orc_mages, layout_caves
Elf:1:    minmay_elf_arrival_summoners, layout_loops_cross, serial_shops, shop,
          hangedman_elf_disciples, uniq_roxanne
Elf:2:    nicolae_elf_blades_crystal_corner, layout_geoelf_grid, uniq_asterion
Elf:3:    minmay_elf_hall_spiked, layout_geoelf_castle, mu_enter_wizlab_4
Vaults:1: nicolae_vaults_little_squares_3, hangedman_vaults_pinch,
          nicolae_vaults_network_star, v_rooms_3, serial_ice_h,
          layout_vaults_omnigrid
Vaults:2: v_misc_12, grunt_vaults_hallway_long, ontoclasm_vaults_loading_screen,
          nicolae_vaults_alarming, ontoclasm_vaults_shuriken,
          vaults_room_door_hall, v_misc_31, v_alt_pattern_4,
          nicolae_vaults_puzzle_piece, hangedman_vaults_locks, v_misc_19,
          v_misc_16, nicolae_vaults_specimen_jars, layout_vaults_omnibox,
          serial_shops, nicolae_shop_overgrown_old_shop, uniq_xtahua
Vaults:3: grunt_vaults_funnel, v_alt_pattern_4, v_misc_18,
          vaults_mumra_minichess, v_misc_15, vaults_dpeg_encased_lava,
          blue_anna_dwarven_crypt, ontoclasm_vaults_fault,
          hangedman_vaults_capsules, nicolae_vaults_little_squares_1,
          nicolae_vaults_triangles, hangedman_vaults_cutoff,
          ontoclasm_vaults_decontamination, layout_vaults_chaotic_city,
          serial_shops, nicolae_shop_window_shopping, shop, uniq_margery
Vaults:4: hangedman_vaults_cutoff, nicolae_vaults_network_quincunx
          [nicolae_vaults_network_quincunx_subvault,
          nicolae_vaults_network_quincunx_subvault,
          nicolae_vaults_network_quincunx_subvault,
          nicolae_vaults_network_quincunx_subvault,
          nicolae_vaults_network_quincunx_subvault], v_misc_13,
          vaults_dpeg_cross, vaults_room_octagon,
          nicolae_vaults_windows_and_doors_thing, v_misc_10,
          grunt_vaults_trifunnel, hangedman_vaults_trim, st_lattice,
          grunt_vaults_hallway_long, vaults_room_hallway,
          nicolae_vaults_little_squares_6, layout_vaults_maze_snakey
Vaults:5: serial_shops, uniq_sojobo
Crypt:1:  layout_chaotic_city, grunt_crypt_arrival_split, uniq_mennas
Depths:1: layout_gridlike, enter_ziggurat_e, hell_entry,
          kennysheep_cross_bottleneck, nrook_kobold_shadow_demons,
          minmay_shop_star, grunt_megastairs_4
Depths:2: hangedman_pleasuredromes, abyss_entry, hell_entry
Depths:3: evilmike_library_of_no_secrets, layout_cave_pools, serial_shops,
          nicolae_shop_waterfront, shop, nicolae_inconvenience_store, pan_entry,
          nicolae_two_hexagons, hangedman_coc_ice_floe
Depths:4: grunt_twisty_corner, layout_cave_pools, rand_demon_pan_entry_7,
          grunt_qazlal_clouds, abyss_entry, hell_entry, serial_bayou_shore_b,
          infiniplex_staircase_diamond
Depths:5: grunt_zot_entry_gee_three, layout_basic, hell_entry,
          corexii_mini_fake_secret_closet, minmay_shop_grove
Hell
Zot:1:    layout_cathedral_of_symmetry
Zot:2:    layout_gridlike, hangedman_zot_spectrum
Zot:3:    layout_cellular_growth
Zot:4:    layout_misc_corridors, hangedman_zot_decor_slant
Zot:5:    layout_misc_corridors, grunt_ministairs_10, not_door_vault_due

Skill      XL: |  1  2  3  4  5  6  7  8  9 10 11 12 13 14 15 16 17 18 19 20 21 22 23 24 25 26 27 |
---------------+----------------------------------------------------------------------------------+-----
Fighting       | 1 2 3 5 6 7 9 10 11 12 13 15 18 | 18.2
Dodging        | 2 3 5 6 10 12 | 12.2
Stealth        | 2 3 4 5 6 7 9 10 11 | 11.2
Necromancy     | 5 |  5.9
Short Blades   | 1 2 3 4 5 7 8 9 10 11 12 13 14 15 17 | 17.5
Spellcasting   | 3 9 11 12 | 12.1
Invocations    | 2 5 7 9 10 11 12 13 14 15 16 18 21 22 23 25 | 25.5
Armour         | 3 4 6 7 8 9 10 11 | 11.4
Conjurations   | 2 4 7 10 12 13 17 18 19 20 21 | 21.6
Air Magic      | 2 4 6 7 10 11 12 13 15 | 15.4
Shields        | 2 3 5 7 13 15 | 15.0
Translocations | 7 12 | 12.8

Action                   |  1- 3 |  4- 6 |  7- 9 | 10-12 | 13-15 | 16-18 | 19-21 | 22-24 | 25-27 || total
-------------------------+-------+-------+-------+-------+-------+-------+-------+-------+-------++-------
Melee: Unarmed           |    11 |       |       |       |       |       |       |       |       ||    11
       Dagger            |    30 |   112 |    48 |   491 |   978 |   177 |       |       |       ||  1836
       Kick              |     4 |    25 |    35 |   132 |   252 |   361 |   829 |   745 |   942 ||  3325
       Rapier            |       |       |   114 |    75 |       |       |       |       |       ||   189
       Quick blade       |       |       |       |       |       |   935 |  1858 |  1797 |  2176 ||  6766
Throw: Boomerang         |     6 |     1 |     7 |       |       |       |       |       |       ||    14
       Dart              |       |       |       |    16 |     1 |       |       |       |       ||    17
 Cast: Pain              |    49 |    29 |    22 |    44 |    45 |    15 |       |       |       ||   204
       Vampiric Draining |       |    15 |    30 |    83 |   152 |    89 |     4 |    23 |       ||   396
       Agony             |       |       |     1 |     5 |     5 |     2 |       |     3 |     2 ||    18
       Lightning Bolt    |       |       |       |       |    38 |   208 |   152 |    58 |    13 ||   469
       Animate Dead      |       |       |       |       |     1 |     2 |       |    12 |     1 ||    16
       Orb of Destructio |       |       |       |       |       |       |    30 |    23 |    92 ||   145
       Starburst         |       |       |       |       |       |       |       |    53 |   119 ||   172
       Passage of Golubr |       |       |       |       |       |       |       |       |     4 ||     4
       Dispersal         |       |       |       |       |       |       |       |       |     2 ||     2
Invok: Line Pass         |       |       |     2 |     5 |     3 |     2 |    13 |     8 |     6 ||    39
       Stomp             |       |       |     1 |     3 |     5 |     3 |     2 |     7 |     9 ||    30
       Grand Finale      |       |       |       |     1 |     5 |     6 |     5 |     7 |     7 ||    31
Evoke: Wand              |       |       |       |       |       |    13 |     2 |    11 |     2 ||    28
  Use: Scroll            |       |       |     7 |    15 |    11 |     9 |    13 |    14 |     8 ||    77
       Potion            |       |       |       |     4 |     3 |    13 |     8 |     9 |     9 ||    46
 Stab: Sleeping          |     2 |     4 |     6 |     6 |    18 |    11 |    20 |     5 |    11 ||    83
       Paralysed         |       |     3 |    19 |    99 |   154 |   151 |   151 |   118 |   180 ||   875
       Distracted        |       |       |       |     2 |     4 |     4 |     4 |     4 |     6 ||    24
       Confused          |       |       |       |     1 |     2 |     2 |    13 |     5 |     6 ||    29
       Invisible         |       |       |       |       |       |       |     3 |     8 |       ||    11
Armor: Leather armour    |    26 |    60 |    16 |       |       |       |       |       |       ||   102
       Swamp dragon scal |       |       |    61 |   283 |   432 |   541 |   355 |   278 |   395 ||  2345
Dodge: Dodged            |    31 |    74 |    72 |   215 |   268 |   398 |   293 |   295 |   405 ||  2051
Block: Buckler           |       |       |       |       |    42 |   112 |       |       |       ||   154
       Kite shield       |       |       |       |       |       |   130 |   593 |   699 |   871 ||  2293
       Reflection        |       |       |       |       |       |       |     9 |    45 |    43 ||    97
